 Dungeon Crawl Stone Soup version 0.30-a0-862-g1aabd4f9c5 (webtiles) character file.

Game seed: 6655587870666385245

57 qeuew the Trooper (level 3, -1/28 (29) HPs)
             Began as a Demonspawn Chaos Knight on Mar 9, 2023.
             Was a Plaything of Xom.
             Slain by a gnoll
             ... wielding a +0 flail
              (8 damage)
             ... on level 2 of the Dungeon.
             The game lasted 00:01:18 (1062 turns).

qeuew the Trooper (Demonspawn Chaos Knight)         Turns: 1062, Time: 00:01:20

HP:   -1/28 (29)    AC:  6    Str: 14    XL:     3   Next: 73%
MP:   3/3           EV: 11    Int: 11    God:    Xom [.*....]
Gold: 57            SH:  0    Dex: 12    Spells: 2/2 levels left

rFire   . . .      SeeInvis .    a - +0 mace (chaos)
rCold   . . .      Faith    .    (no shield)
rNeg    . . .      Spirit   .    b - +2 leather armour
rPois   .          Reflect  .    (no helmet)
rElec   .          Rampage  .    (no cloak)
rCorr   .                        (no gloves)
Will    .....                    (no boots)
Stlth   +                        (no amulet)
HPRegen 0.24/turn                (no ring)
MPRegen 0.08/turn                (no ring)

@: lightly drained
A: sharp scales 1, dopey 1
a: Renounce Religion


You were on level 2 of the Dungeon.
You worshipped Xom.
You were a plaything of Xom.
You visited 1 branch of the dungeon, and saw 2 of its levels.

You collected 57 gold pieces.

Inventory:

Hand Weapons
 a - a +0 mace of chaos (weapon)
Missiles
 i - a throwing net
Armour
 b - a +2 leather armour (worn)
Potions
 d - 2 potions of curing
 e - a potion of heal wounds
Miscellaneous
 c - a piece from Xom's chessboard (15/15) (quivered)


   Skills:
 + Level 3.2 Fighting
 * Level 3.2 Maces & Flails
 * Level 2.5 Armour
 + Level 1.4 Dodging
 + Level 0.8 Evocations


You had 2 spell levels left.
You didn't know any spells.
Your spell library was empty.

Dungeon Overview and Level Annotations

Branches:
Dungeon (2/15)

Altars:


Innate Abilities, Weirdness & Mutations

You are partially covered in razor-sharp scales. (AC +1, Slay +1)
You are dopey. (Int -2)


Message History

You are too injured to fight recklessly!
You are too injured to fight recklessly!
You are too injured to fight recklessly!
You are too injured to fight recklessly!
You are too injured to fight recklessly!
You are too injured to fight recklessly!
You are too injured to fight recklessly!
You are too injured to fight recklessly!
You are too injured to fight recklessly!
You are too injured to fight recklessly!
You are too injured to fight recklessly!
You are too injured to fight recklessly!
You are too injured to fight recklessly!
You are too injured to fight recklessly!
You are too injured to fight recklessly!
Unknown command.
You closely miss the gnoll.
The gnoll is almost dead.
The gnoll hits you but does no damage.
Unknown command.
You closely miss the gnoll.
The gnoll is almost dead.
The giant cockroach bites you but does no damage.
The gnoll hits you with a +0 flail.
* * * LOW HITPOINT WARNING * * *
The giant cockroach bites you but does no damage.
Unknown command.
You sock the gnoll! You burn the gnoll.
You kill the gnoll!
The giant cockroach barely misses you.
Unknown command.
Okay, then.
You closely miss the gnoll.
The gnoll is heavily wounded.
You are now a plaything of Xom.
The giant cockroach waves its antennae.
The giant cockroach bites you.
* * * LOW HITPOINT WARNING * * *
The gnoll hits you with a +0 flail!
You die...

#########
........#
.........
........##########
........KB@gg.h...
.....(...#########
..........#######
................#
####.#.#........#
.. #.#.†......##b
## #.#...........
#.#........#
#)#........#


You could see 2 gnolls, a jackal, a giant cockroach and a kobold.

Vanquished Creatures
  A gnoll (D:2)
  An adder (D:2)
  3 dart slugs
  An endoplasm (D:1)
  3 giant cockroaches (D:1)
  6 goblins (D:1)
  2 jackals (D:1)
  A kobold (D:1)
  2 quokkas (D:1)
  3 ball pythons (D:1)
  2 bats (D:1)
  3 frilled lizards (D:1)
  3 rats (D:1)
31 creatures vanquished.

Notes
Turn   | Place    | Note
-------+----------+-------------------------------------------
     0 | D:1      | qeuew the Demonspawn Chaos Knight began the quest for the
                  | Orb.
     0 | D:1      | Reached XP level 1. HP: 18/18 MP: 1/1
    23 | D:1      | XOM: divination: detect items
    51 | D:1      | Reached skill level 1 in Dodging
    84 | D:1      | XOM: divination: magic mapping
   190 | D:1      | Gained mutation: You are partially covered in razor-sharp
                  | scales. (AC +1, Slay +1) [demonic ancestry]
   190 | D:1      | Reached XP level 2. HP: 24/24 MP: 2/2
   201 | D:1      | XOM: silly message
   220 | D:1      | XOM: butterfly on damage
   506 | D:1      | XOM: butterfly on damage
   734 | D:1      | Reached XP level 3. HP: 24/24 MP: 3/3
   923 | D:2      | XOM: confuse monster(s)
   954 | D:2      | XOM: give mutations
   954 | D:2      | Gained mutation: Your muscles are strong. (Str +4, Int/Dex
                  | -1) [Xom's mischief]
   954 | D:2      | Lost mutation: Your muscles are strong. (Str +4, Int/Dex
                  | -1) [Xom's mischief]
   954 | D:2      | Gained mutation: You are dopey. (Int -2) [Xom's mischief]
  1014 | D:2      | Found a faded altar of an unknown god.
  1051 | D:2      | XOM: noise
  1062 | D:2      | Slain by a gnoll

Illustrated notes

Levels and vault maps discovered:
D:1:      minmay_arrival_three_doors, layout_loops_ring
D:2:      layout_basic, serial_shops, nicolae_shop_overgrown_old_shop,
          shapermc_ecumenical_altar_notcrosses, minmay_misc_feat_alley,
          uniq_sigmund

Skill      XL: |  1  2 |
---------------+-------+-----
Dodging        | 1 |  1.4
Armour         | 2 |  2.5
Maces & Flails | 3 |  3.2
Fighting       | |  3.2
Evocations     | |  0.8

Action                     || total
---------------------------++-------
  Melee: Mace              ||    98
         Punch             ||     1
    Use: Scroll            ||     3
         Potion            ||     2
   Stab: Paralysed         ||     1
 Armour: Leather armour    ||    27
  Dodge: Dodged            ||    64

Table legend: (Time is in decaauts)
 A = Elapsed time spent in this place.
 B = Non-inter-level travel time spent in this place.
 C = Inter-level travel time spent in this place.
 D = Time resting spent in this place.
 E = Time spent auto-exploring this place.
 F = Levels seen in this place.
 G = Mean time per level.
                   A        B        C        D        E       F      G
               +--------+--------+--------+--------+--------+-----+--------+
         Total |   1087 |   1064 |     23 |      0 |    830 |   2 |  543.5 |
       Dungeon |   1087 |   1064 |     23 |      0 |    830 |   2 |  543.5 |
               +--------+--------+--------+--------+--------+-----+--------+

Top non-repeatable levels by time:
     D:1: 897 daAuts
     D:2: 190 daAuts
